 Dungeon Crawl Stone Soup version 0.21.1-1-g345015f (webtiles) character file.

79 tidbits the Chiller (level 4, -11/32 HPs)
             Began as a Gnoll Ice Elementalist on Mar 30, 2018.
             Killed by divine providence
             ... invoked by an orc priest
              (16 damage)
             ... on level 3 of the Dungeon.
             The game lasted 00:05:36 (627 turns).

tidbits the Chiller (Gnoll Ice Elementalist)         Turns: 627, Time: 00:05:37

Health: -11/32     AC:  8    Str: 10    XL:     4   Next: 38%
Magic:  11/11      EV: 15    Int: 18    God:
Gold:   67         SH:  0    Dex: 16    Spells: 7/13 levels left

rFire    . . .     SeeInvis .   a - +0 short sword
rCold    . . .     Gourm    .   (no shield)
rNeg     . . .     Faith    .   f - +0 robe
rPois    .         Spirit   .   (no helmet)
rElec    .         Reflect  .   (no cloak)
rCorr    .         Harm     .   (no gloves)
MR       .....                  (no boots)
Stlth    +++.......             (no amulet)
HPRegen  0.10/turn              (no ring)
MPRegen  0.12/turn              (no ring)

@: icy armour, hasted, very quick
A: distributed training, fangs 1, strong nose
a: no special abilities


You were on level 3 of the Dungeon.
You were not hungry.

You visited 1 branch of the dungeon, and saw 3 of its levels.

You collected 67 gold pieces.

Inventory:

Hand Weapons
 a - a +0 short sword (weapon)
 m - a +3 mace
 p - a +0 dagger
Missiles
 q - 21 stones (quivered)
Armour
 f - a +0 robe (worn)
 h - a +0 ring mail
Scrolls
 g - a scroll of noise
 j - a scroll of identify {unknown}
 l - a scroll of enchant armour {unknown}
 o - a scroll of amnesia {unknown}
 r - a scroll of fog {unknown}
Potions
 i - a potion of curing
 k - a potion of berserk rage {unknown}
 n - a potion of invisibility {unknown}
Books
 b - a book of Frost

   Spells                             Type                      Level
   a - Freeze                         Ice                          1
   b - Throw Frost                    Conjuration/Ice              2
   c - Ozocubu's Armour               Charms/Ice                   3
   d - Throw Icicle                   Conjuration/Ice              4
   e - Summon Ice Beast               Ice/Summoning                4
Comestibles
 c - 3 rations


   Skills:
 + Level 1.1 Fighting
 + Level 1.1 Short Blades
 + Level 1.1 Long Blades
 + Level 1.1 Axes
 + Level 1.1 Maces & Flails
 + Level 1.1 Polearms
 + Level 1.1 Staves
 + Level 1.1 Slings
 + Level 1.1 Bows
 + Level 1.1 Crossbows
 + Level 1.1 Throwing
 + Level 1.1 Armour
 + Level 4.6 Dodging
 + Level 4.2 Stealth
 + Level 1.1 Shields
 + Level 1.1 Unarmed Combat
 + Level 5.0 Spellcasting
 + Level 2.2 Conjurations
 + Level 0.8 Hexes
 + Level 0.8 Charms
 + Level 0.8 Summonings
 + Level 0.8 Necromancy
 + Level 0.8 Translocations
 + Level 0.8 Transmutations
 + Level 0.8 Fire Magic
 + Level 5.4 Ice Magic
 + Level 0.8 Air Magic
 + Level 0.8 Earth Magic
 + Level 0.8 Poison Magic
 + Level 1.2 Invocations
 + Level 1.1 Evocations


You had 7 spell levels left.
You knew the following spells:

 Your Spells              Type           Power        Failure   Level  Hunger
a - Freeze                Ice            ###.         1%          1    None
j - Throw Frost           Conj/Ice       ###...       4%          2    #......
o - Ozocubu's Armour      Chrm/Ice       ###.....     11%         3    ##.....


Dungeon Overview and Level Annotations

Branches:
Dungeon (3/15)

Altars:
Dithmenos
Qazlal


Innate Abilities, Weirdness & Mutations

Your experience applies equally to all skills.
You have very sharp teeth.
Your uncanny sense of smell can sniff out nearby items.


Message History

The bat hits you but does no damage. The bat barely misses you.
The hobgoblin misses you.
Items here: )) ††† a club; a short sword; a goblin corpse; a jackal corpse; a quokka corpse You hit the bat.
You kill the bat!
You hit the hobgoblin but do no damage. The hobgoblin closely misses you.
You hit the hobgoblin.
You bite the hobgoblin, but do no damage.
The hobgoblin is almost dead.
The hobgoblin drinks a potion.
The hobgoblin is healed!
You barely miss the hobgoblin. The hobgoblin misses you.
Unknown command.
Casting: Ozocubu's Armour
Confirm with . or Enter, or press ? or * to list all spells.
Aiming: Freeze
Press: ? - help, Shift-Dir - straight line, f - hobgoblin
Aim: a hobgoblin, wielding a club and wearing a ring mail You freeze the hobgoblin.
You kill the hobgoblin!
The bat closely misses you.
You hit the bat but do no damage. The bat misses you.
The bat completely misses you.
You hit the bat.
You kill the bat!
You closely miss the rat. You bite the rat, but do no damage.
The rat bites you.
You closely miss the rat. The rat misses you. The rat closely misses you.
You hit the rat.
You kill the rat!
Items here: )))) [ †††††
Okay, then.
Items here: ) [ †††††
Okay, then.
Found a stone staircase leading down.
Found a helmet.
An orc and an orc priest come into view.
Your icy armour starts to melt.
Items here: ) [ ††††† Your icy armour evaporates.
Items here: )))) [ ††††† An orc comes into view.
It is wielding a dagger.
Unknown command.
Throwing (i - inventory):
q - 22 stones (quivered)
Press: ? - help, Shift-Dir - straight line, f - orc
Aim: an orc, wielding a dagger and wearing a leather armour (hasn't noticed you)
You throw a stone. The stone barely misses the orc.
The orc shouts!
The orc throws a stone.
The stone barely misses you.
Unknown command.
Items here: )))) [ †††††
Items here: ) [ †††††
Casting: Freeze
Confirm with . or Enter, or press ? or * to list all spells.
A film of ice covers your body!
A goblin comes into view. It is wielding a dagger.
An orc comes into view.
Items here: ) [ ††††† The orc shouts!
The goblin shouts!
You hit the orc.
The orc is lightly wounded.
You hear a shout!
The orc completely misses you.
Unknown command.
You barely miss the orc. You bite the orc, but do no damage.
The orc is lightly wounded.
The orc barely misses you.
You closely miss the orc.
The orc is lightly wounded.
The orc hits you with a dagger!
You hit the orc.
The orc is heavily wounded.
The orc barely misses you.
Casting: Ozocubu's Armour
Confirm with . or Enter, or press ? or * to list all spells.
Aiming: Freeze
Press: ? - help, Shift-Dir - straight line, f/p - orc
Aim: an orc, wielding a dagger and wearing a leather armour (heavily wounded)
You freeze the orc.
You kill the orc!
The goblin hits you with a dagger.
Unknown command. 2 orcs come into view.
The orc shouts!
The orc priest calls down the wrath of Beogh upon you.
Beogh smites you!
* * * LOW HITPOINT WARNING * * *
The orc shouts!
You see here a hobgoblin corpse.
It was a potion of magic.
Magic courses through your body. The goblin misses you.
The orc priest looks encouraged for a moment.
The orc misses you.
It was a potion of haste.
You feel yourself speed up. The goblin closely misses you.
The orc priest mumbles some strange prayers to Beogh against you.
Beogh smites you!
Ouch! That really hurt!
You die...

#....# #...# ###.##.#
#..# #....#.#### #..#
####......########.##
####.#))...(....#
#(o#######...# ##.##
#..<.# #og#####.#...#
##.@.....#o..$.#
##.oo.......(..#
#...o........o...
#................
#................
#......>..o......
#..........
#...(......
##....>...[


You could see an orc priest, 4 orcs and a goblin.

Vanquished Creatures
  3 adders
  An ooze (D:1)
  A leopard gecko (D:2)
  2 orcs (D:3)
  A ball python (D:3)
  2 bats (D:3)
  2 giant cockroaches (D:3)
  5 goblins
  7 hobgoblins
  8 jackals (D:3)
  A quokka (D:3)
  A frilled lizard (D:3)
  A kobold (D:3)
  4 rats
39 creatures vanquished.

Notes
Turn   | Place    | Note
-------+----------+-------------------------------------------
     0 | D:1      | tidbits the Gnoll Ice Elementalist began the quest for the Orb.
     0 | D:1      | Reached XP level 1. HP: 13/13 MP: 6/6
    89 | D:2      | Found a shadowy altar of Dithmenos.
   144 | D:1      | Reached skill level 2 in Conjurations
   233 | D:1      | Reached XP level 2. HP: 20/20 MP: 4/7
   237 | D:1      | Learned a level 2 spell: Throw Frost
   333 | D:2      | Found a stormy altar of Qazlal.
   375 | D:2      | Reached XP level 3. HP: 21/25 MP: 5/9
   379 | D:2      | Reached skill level 5 in Spellcasting
   433 | D:3      | Reached skill level 1 in Invocations
   459 | D:3      | Learned a level 3 spell: Ozocubu's Armour
   524 | D:3      | Reached skill level 1 in Fighting
   524 | D:3      | Reached skill level 1 in Short Blades
   524 | D:3      | Reached skill level 1 in Long Blades
   524 | D:3      | Reached skill level 1 in Axes
   524 | D:3      | Reached skill level 1 in Maces & Flails
   524 | D:3      | Reached skill level 1 in Polearms
   524 | D:3      | Reached skill level 1 in Staves
   524 | D:3      | Reached skill level 1 in Slings
   524 | D:3      | Reached skill level 1 in Bows
   524 | D:3      | Reached skill level 1 in Crossbows
   524 | D:3      | Reached skill level 1 in Throwing
   524 | D:3      | Reached skill level 1 in Armour
   524 | D:3      | Reached skill level 1 in Shields
   524 | D:3      | Reached skill level 1 in Unarmed Combat
   524 | D:3      | Reached skill level 1 in Evocations
   537 | D:3      | Reached XP level 4. HP: 23/32 MP: 4/11
   627 | D:3      | Killed from afar by an orc priest

Skill      XL: |  1  2  3 |
---------------+----------+-----
Conjurations   | 2 |  2.2
Spellcasting   | 5 |  5.0
Invocations    | 1 |  1.2
Fighting       | 1 |  1.1
Short Blades   | 1 |  1.1
Long Blades    | 1 |  1.1
Axes           | 1 |  1.1
Maces & Flails | 1 |  1.1
Polearms       | 1 |  1.1
Staves         | 1 |  1.1
Slings         | 1 |  1.1
Bows           | 1 |  1.1
Crossbows      | 1 |  1.1
Throwing       | 1 |  1.1
Armour         | 1 |  1.1
Shields        | 1 |  1.1
Unarmed Combat | 1 |  1.1
Evocations     | 1 |  1.1
Dodging        | |  4.6
Stealth        | |  4.2
Hexes          | |  0.8
Charms         | |  0.8
Summonings     | |  0.8
Necromancy     | |  0.8
Translocations | |  0.8
Transmutations | |  0.8
Fire Magic     | |  0.8
Ice Magic      | |  5.4
Air Magic      | |  0.8
Earth Magic    | |  0.8
Poison Magic   | |  0.8

Action                   |  1- 3 |  4- 6 || total
-------------------------+-------+-------++-------
Melee: Bite              |     3 |     3 ||     6
       Unarmed           |     2 |       ||     2
       Short sword       |    31 |    33 ||    64
Throw: Stone             |       |     1 ||     1
 Cast: Freeze            |    28 |     6 ||    34
       Ozocubu's Armour  |     1 |     2 ||     3
  Use: Scroll            |     4 |       ||     4
       Potion            |       |     2 ||     2
 Stab: Sleeping          |     5 |       ||     5
Armor: Robe              |    15 |     9 ||    24
Dodge: Dodged            |    43 |    48 ||    91

Table legend:
 A = Turns spent in this place as a percentage of turns spent in the entire game.
 B = Non-inter-level travel turns spent in this place as a percentage of non-inter-level travel turns spent in the entire game.
 C = Inter-level travel turns spent in this place as a percentage of turns spent in this place.
 D = Turns resting spent in this place as a percentage of non-inter-level travel turns spent in this place.
 E = Turns spent auto-exploring this place as a percentage of non-inter-level travel turns spent in this place.
 F = Non-inter-level travel turns spent in this place divided by the number of levels of this place that you've seen.
                   A       B       C       D       E      F
               +-------+-------+-------+-------+-------+----------------------
         Total | 100.0 | 100.0 |   0.0 |   0.0 |   0.0 | 209.0
       Dungeon | 100.0 | 100.0 |   0.0 |   0.0 |   0.0 | 209.0
               +-------+-------+-------+-------+-------+----------------------

Table legend:
 A = Kills in this place as a percentage of kills in entire the game.
 B = Kills by you in this place as a percentage of kills by you in the entire game.
 C = Kills by friends in this place as a percentage of kills by friends in the entire game.
 D = Other kills in this place as a percentage of other kills in the entire game.
 E = Experience gained in this place as a percentage of experience gained in the entire game.
 F = Experience gained in this place divided by the number of levels of this place that you have seen.
                   A       B       C       D       E      F
               +-------+-------+-------+-------+-------+----------------------
         Total | 100.0 | 100.0 |   N/A |   N/A | 100.0 |  38.0
       Dungeon | 100.0 | 100.0 |   N/A |   N/A | 100.0 |  38.0
               +-------+-------+-------+-------+-------+----------------------

Vault maps used:
D:1:      sevenhm_arrival_forest_fort_small_6
D:2:      nicolae_qazlal_general_emergency, grunt_dithmenos_smoke_and_mirrors,
          uniq_terence
